 Dungeon Crawl Stone Soup version 0.29-a0-962-gc8bbfd0a37 (webtiles) character file.

Game seed: 16926004821436682552

108 jlumianski the Covered (level 4, -1/35 HPs)
             Began as a Demonspawn Fighter on July 30, 2022.
             Succumbed to a water moccasin's poison
             ... on level 5 of the Dungeon.
             The game lasted 00:10:55 (3152 turns).

jlumianski the Covered (Demonspawn Fighter)         Turns: 3152, Time: 00:10:55

Health: -1/35      AC: 13    Str: 18    XL:     4   Next: 58%
Magic:  4/4        EV:  5    Int:  9    God:
Gold:   128        SH:  4    Dex: 13    Spells: 3/3 levels left

rFire   . . .      SeeInvis .   a - +0 war axe
rCold   . . .      Faith    .   (no shield)
rNeg    . . .      Spirit   .   u - +0 plate armour
rPois   .          Reflect  .   r - +1 helmet
rElec   .          Harm     .   (no cloak)
rCorr   .          Rampage  .   (no gloves)
Will    .....                   (no boots)
Stlth   ..........              (no amulet)
HPRegen 0.11/turn               (no ring)
MPRegen 0.09/turn               (no ring)

@: brilliant, lethally poisoned (-1 -> -36)
A: powered by death 1, condensation shield, demonic touch 1
a: no special abilities


You were on level 5 of the Dungeon.
You visited 1 branch of the dungeon, and saw 5 of its levels.

You collected 128 gold pieces.

Inventory:

Hand Weapons
 a - a +0 war axe (weapon)
Missiles
 f - 19 stones
 j - 5 javelins (quivered)
Armour
 b - a +0 scale mail
 c - a +0 buckler
 m - a +0 leather armour
 r - a +1 helmet (worn)
 u - a +0 plate armour (worn)
Scrolls
 e - a scroll of torment {unknown}
 g - 3 scrolls of poison {unknown}
 h - 2 scrolls of immolation {unknown}
 k - a scroll of identify {unknown}
 l - a scroll of teleportation {unknown}
 o - 2 scrolls of vulnerability {unknown}
 s - a scroll of butterflies {unknown}
 t - a scroll of blinking {unknown}
 v - a scroll of magic mapping {unknown}
Potions
 d - 2 potions of might
 n - a potion of lignification
 q - a potion of degeneration {unknown}
 w - a potion of curing {unknown}


   Skills:
 + Level 3.4 Fighting
 + Level 2.7 Axes
 + Level 3.4 Armour
 + Level 0.8 Dodging
 + Level 0.2 Stealth
 + Level 3.2 Shields


You had 3 spell levels left.
You didn't know any spells.
Your spell library contained the following spells:

 Spells                   Type           Power      Damage    Failure   Level
 Ignite Poison            Fire/Tmut/Pois 0%         N/A       100%        3
 Mephitic Cloud           Conj/Pois/Air  0%         N/A       100%        3
 Airstrike                Air            0%         0-1+      100%        4
 Summon Lightning Spire   Summ/Air       0%         N/A       100%        4
 Freezing Cloud           Conj/Ice/Air   0%         6-21      100%        5
 Lightning Bolt           Conj/Air       0%         1d11      100%        5


Dungeon Overview and Level Annotations

Branches:
Dungeon (5/15)
 Temple: D:4-7

Altars:


Innate Abilities, Weirdness & Mutations

You regenerate a little health from kills.
A meltable shield of frost defends you. (SH +4)
Your touch may inflict minor irresistible damage on your foes.


Message History

A water moccasin comes into view.
The water moccasin hisses angrily.
The water moccasin attacks as you move away!
The water moccasin bites you but does no damage.
You see here an amulet of faith.
You closely miss the water moccasin. Your touch misses the water moccasin.
The water moccasin bites you but does no damage. x2
You closely miss the water moccasin.
You touch the water moccasin!
The water moccasin is moderately wounded.
The water moccasin bites you but does no damage. x2
You barely miss the water moccasin.
The water moccasin is moderately wounded.
The water moccasin bites you but does no damage. x2
You closely miss the water moccasin.
The water moccasin is moderately wounded.
The water moccasin bites you.
You are poisoned.
The water moccasin poisons you!
The water moccasin bites you but does no damage.
You closely miss the water moccasin. Your touch misses the water moccasin.
The water moccasin is moderately wounded.
You feel very sick.
The water moccasin barely misses you. x2
You completely miss the water moccasin.
The water moccasin is moderately wounded.
You feel very sick. The water moccasin barely misses you.
The water moccasin bites you.
You are lethally poisoned!
The water moccasin poisons you!
You slash the water moccasin!
The water moccasin is heavily wounded.
You feel very sick. The water moccasin bites you!
* * * LOW HITPOINT WARNING * * *
You are more poisoned.
The water moccasin poisons you!
The water moccasin completely misses you.
It was a potion of brilliance.
You feel clever all of a sudden.
You die...

# ≈≈#≈.#
#≈###≈#≈.
#≈≈≈≈≈#≈####
≈≈≈≈≈≈≈≈..<#
.#..##..####
#.###.####.##
#............
#####S#######
#@#
..........#
........#.#
.########.# #


You could see a water moccasin.

Vanquished Creatures
  An orc priest (D:3)
  An orc wizard (D:3)
  8 orcs
  4 bats
  3 endoplasms
  2 giant cockroaches
  2 goblins
  3 hobgoblins
  3 jackals (D:1)
  8 ball pythons
  A frilled lizard (D:3)
  4 kobolds
  5 rats
45 creatures vanquished.

Notes
Turn   | Place    | Note
-------+----------+-------------------------------------------
     0 | D:1      | jlumianski the Demonspawn Fighter began the quest for the
                  | Orb.
     0 | D:1      | Reached XP level 1. HP: 18/18 MP: 1/1
    17 | D:1      | Found a faded altar of an unknown god.
   411 | D:1      | Gained mutation: You regenerate a little health from kills.
                  | [demonic ancestry]
   411 | D:1      | Reached XP level 2. HP: 24/24 MP: 2/2
  1841 | D:2      | Gained mutation: A meltable shield of frost defends you.
                  | (SH +4) [demonic ancestry]
  1841 | D:2      | Reached XP level 3. HP: 28/29 MP: 3/3
  2430 | D:3      | Gained mutation: Your touch may inflict minor irresistible
                  | damage on your foes. [demonic ancestry]
  2430 | D:3      | Reached XP level 4. HP: 35/35 MP: 4/4
  3136 | D:5      | Entered Level 5 of the Dungeon
  3142 | D:5      | Noticed a water moccasin
  3152 | D:5      | Succumbed to a water moccasin's poison

Illustrated notes

Levels and vault maps discovered:
D:1:      psy_arrival_radial01, layout_basic, basic_ecumenical_altar,
          nicolae_concentric_dashed_squares_mild, dreamdust_mushroom_princess,
          st_stairs_13
D:2:      layout_basic
D:3:      cheibrodos_pilgrimage, layout_basic
D:4:      kennysheep_six_static_rooms, layout_loops_ring, uniq_eustachio
D:5:      layout_basic, lightli_temple_of_fire, kennysheep_big_empty_room,
          minmay_crystal_water, uniq_pikel

Skill      XL: |  1  2 |
---------------+-------+-----
Shields        | 3 |  3.2
Armour         | 3 |  3.4
Axes           | 2 |  2.7
Fighting       | |  3.4
Dodging        | |  0.8
Stealth        | |  0.2

Action                   |  1- 3 |  4- 6 || total
-------------------------+-------+-------++-------
Melee: War axe           |   121 |    33 ||   154
       Touch             |       |     1 ||     1
  Use: Potion            |     2 |     1 ||     3
Armor: Scale mail        |    34 |       ||    34
       Leather armour    |     8 |       ||     8
       Skin              |    23 |       ||    23
       Plate armour      |    21 |    27 ||    48
Dodge: Dodged            |    57 |     8 ||    65
Block: Buckler           |    34 |       ||    34
       Other             |       |     3 ||     3

Table legend: (Time is in decaauts)
 A = Elapsed time spent in this place.
 B = Non-inter-level travel time spent in this place.
 C = Inter-level travel time spent in this place.
 D = Time resting spent in this place.
 E = Time spent auto-exploring this place.
 F = Levels seen in this place.
 G = Mean time per level.
                   A        B        C        D        E       F      G
               +--------+--------+--------+--------+--------+-----+--------+
         Total |   3220 |   3133 |     87 |    209 |   1983 |   5 |  644.0 |
       Dungeon |   3220 |   3133 |     87 |    209 |   1983 |   5 |  644.0 |
               +--------+--------+--------+--------+--------+-----+--------+

Top non-repeatable levels by time:
     D:1: 1373 daAuts
     D:3: 1037 daAuts
     D:2: 753 daAuts
     D:4: 36 daAuts
     D:5: 18 daAuts
